 Dungeon Crawl Stone Soup version 0.14-a0-2679-gcb94c3d (webtiles) character file.

271 Econoterrorist the Slasher (level 4, -6/31 HPs)
             Began as a High Elf Fighter on Feb 17, 2014.
             Mangled by an orc warrior
             ... wielding a -1,+0 orcish battleaxe
              (18 damage)
             ... on Level 4 of the Dungeon.
             The game lasted 00:09:33 (2287 turns).

Econoterrorist the Slasher (High Elf Fighter)       Turns: 2287, Time: 00:09:34

HP  -6/31        AC 13     Str 15      XL: 4   Next: 75%
MP   7/7         EV  7     Int 13      God:
Gold 151         SH 19     Dex 14      Spells:  0 memorised,  3 levels left

rFire  . . .     SeeInvis .     a - +0 elf falchion
rCold  . . .     Clarity  .     b - +0 elf scale mail
rNeg   . . .     Conserve .     s - +2 shield
rPois  .         rCorr    .     (no helmet)
rElec  .         rRot     .     (no cloak)
SustAb . .       Spirit   .     r - +0 pair of gloves
rMut   .         Warding  .     (no boots)
Saprov . . .     Stasis   .     (no amulet)
MR     .....                    w - +2 ring of evasion
                                c - +5 ring of protection

@: not resistant to hostile enchantments, extremely unstealthy
A: no striking features
a: no special abilities


You were on level 4 of the Dungeon.
You were hungry.

You visited 1 branch of the dungeon, and saw 4 of its levels.

You collected 151 gold pieces.

Inventory:

Hand weapons
 a - a +0,+0 elven falchion (weapon)
Armour
 b - a +0 elven scale mail (worn)
 r - a +0 pair of gloves (worn)
 s - a +2 shield (worn)
Comestibles
 d - 5 bread rations
 g - a choko
 j - a pear
 t - a cheese
 x - a meat ration
Scrolls
 f - a scroll of enchant weapon II {unknown}
 h - a scroll of remove curse {unknown}
 k - a scroll of blinking {unknown}
 l - a scroll of fear {unknown}
 p - 2 scrolls of teleportation {unknown}
 q - 2 scrolls of identify
 y - a scroll of curse jewellery {unknown}
Jewellery
 c - a +5 ring of protection (left hand)
 u - an uncursed ring of positive energy
 w - a +2 ring of evasion (right hand)
Potions
 e - 4 potions of curing
 i - a potion of mutation {unknown}
 m - 4 potions of heal wounds {unknown}
 n - a potion of resistance {unknown}
 o - a potion of flight {unknown}
 v - a potion of invisibility {unknown}


   Skills:
 + Level 3.0 Fighting
 - Level 6.1 Long Blades
 + Level 2.6 Armour
 + Level 2.6 Shields


You had 3 spell levels left.
You didn't know any spells.

Dungeon Overview and Level Annotations

Branches:
Dungeon (4/16)
 Temple: D:4-7

Altars:
Elyvilon
Yredelemnul
The Shining One


Message History

You see here a robe.
Eat which item? (? for menu, Esc to quit)
Okay, then.
You closely miss the orc warrior.
The orc warrior is lightly wounded.
The orc warrior closely misses you.
You barely miss the orc warrior.
The orc warrior is lightly wounded.
The orc warrior hits you with an orcish battleaxe!
You hit the orc warrior.
The orc warrior is moderately wounded.
The orc warrior hits you with an orcish battleaxe!
* * * LOW HITPOINT WARNING * * *
You hit the orc warrior.
The orc warrior is moderately wounded.
Drink which item? (? for menu, Esc to quit)
You feel better.
It was a potion of curing.
The orc warrior hits you with an orcish battleaxe!
Ouch! That really hurt!
You die...

.........#
................#
#.................#
#.................#
#.................#
#.................#
#.................#
#.................#
##...........[.o@.<#
...................#
....####..##########
##..# #..# #..# #..#
#..# #..# ##..# #..#
....# #..# ....#
#..#


You could see an orc warrior.

Vanquished Creatures
  A human skeleton (D:4)
  A worker ant (D:4)
  Jessica (D:2)
  An adder (D:2)
  A worm (D:2)
  3 oozes (D:1)
  4 bats
  A giant cockroach (D:1)
  5 hobgoblins
  6 kobolds
  A ball python (D:2)
  4 giant newts
  4 goblins
  2 quokkas (D:3)
  3 rats
38 creatures vanquished.

Notes
Turn   | Place    | Note
--------------------------------------------------------------
     0 | D:1      | Econoterrorist, the High Elf Fighter, began the quest for the Orb.
     0 | D:1      | Reached XP level 1. HP: 16/16 MP: 2/2
   378 | D:1      | Reached XP level 2. HP: 18/21 MP: 3/3
   570 | D:1      | Reached skill level 4 in Long Blades
   976 | D:2      | Reached XP level 3. HP: 23/26 MP: 5/5
   987 | D:2      | Noticed Jessica
   998 | D:2      | Killed Jessica
  1248 | D:2      | Reached skill level 5 in Long Blades
  1518 | D:2      | Reached XP level 4. HP: 26/31 MP: 7/7
  1700 | D:3      | Found a glowing golden altar of the Shining One.
  1701 | D:3      | Found a white marble altar of Elyvilon.
  2214 | D:4      | Reached skill level 6 in Long Blades
  2215 | D:4      | Found a basalt altar of Yredelemnul.
  2220 | D:4      | Noticed an orc warrior
  2287 | D:4      | Mangled by an orc warrior

Action                   |  1- 3 |  4- 6 || total
-------------------------+-------+-------++-------
Melee: Falchion          |   134 |    53 ||   187
  Use: Scroll            |     1 |       ||     1
       Potion            |       |     1 ||     1
